 Dungeon Crawl Stone Soup version 0.20.1-1-g8b1a95d (webtiles) character file.

258126 McKennaii the Stormcaller (level 19, -2/95 HPs)
             Began as a Tengu Air Elementalist on Aug 1, 2017.
             Was the Champion of Vehumet.
             Killed from afar by a hell hog (50 damage)
             ... with a fireball
             ... on level 2 of the Abyss.
             The game lasted 03:49:46 (52760 turns).

McKennaii the Stormcaller (Tengu Air Elementalist) Turns: 52760, Time: 03:49:46

Health: -2/95      AC:  8    Str: 11    XL:     19   Next: 86%
Magic:  6/51       EV: 27    Int: 27    God:    Vehumet [******]
Gold:   2094       SH:  7    Dex: 25    Spells: 6/55 levels left

rFire    . . .     SeeInvis +   G - staff of conjuration
rCold    + . .     Gourm    .   L - +0 buckler
rNeg     . . .     Faith    .   u - +1 robe of Ycva {rElec MP+9 Dex+4 SInv}
rPois    +         Spirit   .   C - +0 hat "Gutuar" {Dex+4} (curse)
rElec    +         Reflect  .   M - +2 cloak
rCorr    .         Harm     .   S - +0 pair of gloves "Ynairyru" {rPois} (curse)
MR       +....                  (boots unavailable)
Stlth    ++++......             b - amulet of regeneration
Regen    0.7/turn               E - +4 ring of intelligence
MPRegen  0.4/turn               V - ring of protection from cold

@: about to teleport, flying quickly and evasively, studying Charms, quick
A: beak, talons 3, thin skeletal structure 1, screaming 1, strong 1, wild magic
1, able to fly 2
}: 2/15 runes: decaying, serpentine
a: Stop Flying, Renounce Religion


You were on level 2 of the Abyss.
You worshipped Vehumet.
Vehumet was exalted by your worship.
You were very hungry.

You visited 7 branches of the dungeon, and saw 33 of its levels.
You visited the Abyss 1 time.
You also visited: Ice Cave.

You collected 2625 gold pieces.
You spent 531 gold pieces at shops.

Inventory:

Hand Weapons
 X - the +6 dagger of the Beast {speed, rF+, unknown}
   (You found it in an ice cave)

   Attacks with this weapon are significantly faster.
   It protects you from fire.
Armour
 u - the +1 robe of Ycva (worn) {rElec MP+9 Dex+4 SInv}
   (You found it on level 6 of the Lair of Beasts)

   It affects your dexterity (+4).
   It insulates you from electricity.
   It affects your magic capacity (+9).
   It lets you see invisible.
 v - a +0 shield
 C - the cursed +0 hat "Gutuar" (worn) {Dex+4}
   (You found it on level 14 of the Dungeon)

   It affects your dexterity (+4).
   It has a curse placed upon it.
 L - a +0 buckler (worn)
 M - a +2 cloak (worn)
 S - the cursed +0 pair of gloves "Ynairyru" (worn) {rPois}
   (You bought it in a shop on level 2 of the Orcish Mines)

   It protects you from poison.
   It has a curse placed upon it.
Magical Staves
 g - an uncursed staff of air
 G - an uncursed staff of conjuration (weapon)
 Y - an uncursed staff of cold
Jewellery
 b - an amulet of regeneration (around neck)
 q - an uncursed ring of fire
 r - an uncursed ring of magical power
 E - a +4 ring of intelligence (left hand)
 T - an uncursed ring of wizardry
 V - a ring of protection from cold (right hand)
 W - an uncursed ring of poison resistance
Wands
 K - a wand of polymorph (11/24)
Scrolls
 d - 9 scrolls of remove curse
 e - 2 scrolls of blinking
 f - 8 scrolls of recharging
 j - 16 scrolls of identify
 n - 2 scrolls of fog
 t - 3 scrolls of holy word
 w - 5 scrolls of fear
 x - 8 scrolls of enchant weapon
 y - 2 scrolls of silence
 B - 5 scrolls of enchant armour
 D - 13 scrolls of teleportation
 J - 7 scrolls of magic mapping
 P - 2 scrolls of summoning
 R - 2 scrolls of amnesia
Potions
 a - 2 potions of resistance
 h - a potion of ambrosia
 i - 4 potions of agility
 l - 3 potions of haste
 m - 4 potions of cancellation
 p - 3 potions of brilliance
 s - 2 potions of mutation
 z - 4 potions of might
 A - a potion of berserk rage
 F - 3 potions of invisibility
 H - 10 potions of curing
 U - 6 potions of heal wounds
Books
 I - a manual of Charms
Comestibles
 c - 13 bread rations
 k - 8 meat rations
 o - 22 fruits
 O - 8 royal jellies


   Skills:
 + Level 2.7 Fighting
 + Level 1.6 Staves
 + Level 8.9 Armour
 + Level 10.5 Dodging
 + Level 5.0 Stealth
 + Level 5.1 Shields
 * Level 18.7 Spellcasting
 + Level 20.1 Conjurations
 + Level 0.1 Charms
 + Level 8.1 Summonings
 + Level 2.0 Translocations
 + Level 20.4 Air Magic


You had 6 spell levels left.
You knew the following spells:

 Your Spells              Type           Power        Failure   Level  Hunger
a - Shock                 Conj/Air       ####         1%          1    None
b - Swiftness             Chrm/Air       #######.     1%          2    None
c - Lightning Bolt        Conj/Air       ########..   1%          5    None
d - Freezing Cloud        Conj/Ice/Air   ########..   1%          6    ##.....
e - Summon Lightning Spi  Summ/Air       #######.     1%          4    None
f - Magic Dart            Conj           ####         1%          1    None
g - Conjure Ball Lightni  Conj/Air       ########..   1%          6    ##.....
h - Blink                 Tloc           N/A          2%          2    None
i - Mephitic Cloud        Conj/Pois/Air  ########     1%          3    None
j - Iskenderun's Mystic   Conj           ########     1%          4    None
k - Spellforged Servitor  Conj/Summ      ########..   1%          7    ####...
l - Chain Lightning       Conj/Air       ########..   1%          8    ######.


Dungeon Overview and Level Annotations

Branches:
Dungeon (15/15)            Temple (1/1) D:6            Lair (6/6) D:10
  Swamp (4/4) Lair:2        Snake (4/4) Lair:4        Slime (0/5) Lair:6
    Orc (2/2) D:9             Elf (1/3) Orc:2        Vaults (0/5) D:14
 Depths (0/5) D:15

Altars:
Ashenzari
Cheibriados
Dithmenos
Elyvilon
Fedhas
Hepliaklqana
Kikubaaqudgha
Makhleb
Ru
Vehumet
The Shining One
Beogh

Shops:
D:10 :   Orc:2 (*%[

Annotations:
D:4 2 transporters


Innate Abilities, Weirdness & Mutations

You have a beak for a mouth.
You have claws for feet.
You can fly continuously.
You have a somewhat thin skeletal structure. (Dex +2, Stealth)
You occasionally shout uncontrollably at your foes.
Your muscles are strong. (Str +2)
Your spells are a little harder to cast, but a little more powerful.


Message History

The fireball engulfs you!
* * * LOW HITPOINT WARNING * * *
Your spellforged servitor gestures at the flayed ghost while chanting.
The bolt of lightning hits the flayed ghost.
You block the hell hog's attack.
The flayed ghost hits your spellforged servitor!!
You feel much better. The hell hog closely misses you. The hell hog bites you.
Your spellforged servitor gestures at the flayed ghost while chanting.
The freezing blast engulfs the flayed ghost.
The flayed ghost is destroyed!
Vehumet accepts your kill.
The terrible wounds on your body vanish.
You hear a grinding noise.
The quasit is engulfed in freezing vapours.
You block the hell hog's attack. The hell hog bites you.
The quasit is engulfed in freezing vapours.
The hell hog breathes fire at you.
The fireball explodes!
The fireball engulfs you!
Ouch! That really hurt!
You die...

. . ## ...#.#.. .
....#.# #. # ..#..# #
#.#.#. #. ## # .
..†.##### .#.#. . # #
##§†##.##.##. .# #
#§§8†.h@...# . #.
##§##.#h##..## .#. #
#..#?§....##.#..##.#.
#5§§§..##h .###.# #
.. #.W#...#.# .#.#.#.
. ## . #. .
##.#...##.. .#. # ...
####..##.#.# . .. #
##....#...#.# #..## #
####.#. #.#.. # .


You could see 3 hell hogs and a friendly spellforged servitor.

Vanquished Creatures
  the Lernaean hydra (Swamp:4)
  Jorgrun (Swamp:3)
  A tentacled monstrosity (Swamp:3)
  An Ice Fiend (IceCv)
  Kirke (Swamp:3)
  The ghost of nago the Hand of Fortune, an adept DrAs of Nemelex Xobeh (Swamp:1)
  Agnes (D:15)
  A nagaraja (Snake:4)
  Roxanne (D:15)
  Donald (Orc:2)
  3 orc warlords (Orc:2)
  3 very ugly things (Abyss:2)
  An eidolon (Abyss:2)
  An ettin (Orc:1)
  12 naga warriors
  4 vault guards (D:14)
  A catoblepas (Lair:6)
  2 ghost crabs (Swamp:2)
  15 hydras
  8 centaur warriors
  7 anacondas
  13 two-headed ogres
  3 dancing weapons (Elf:1)
  10 alligators
  2 ogre magi
  A deep troll shaman (Lair:6)
  12 death yaks
  3 tengu warriors
  5 orc high priests (Orc:2)
  4 naga sharpshooters
  2 deep elf knights
  9 shock serpents
  2 salamander mystics
  A glowing orange brain (Abyss:2)
  4 skeletal warriors (D:12)
  An unseen horror (D:14)
  A spriggan druid (Swamp:2)
  10 swamp dragons
  4 deep elf archers
  4 lindwurms (Lair:6)
  A wizard (D:14)
  5 naga ritualists
  5 orc knights (Orc:2)
  21 deep elf magi
  10 mana vipers
  An orb spider (shapeshifter) (D:15)
  6 oklob plants
  7 orc sorcerers (Orc:2)
  6 cyclopes
  A manticore (D:14)
  8 ugly things
  A worldbinder (Abyss:2)
  8 salamanders
  11 elephants (Lair:6)
  An ice statue (IceCv)
  17 naga magi
  A moth of wrath (shapeshifter) (D:13)
  20 spiny frogs
  38 black mambas
  3 guardian serpents (Snake:2)
  A hellion (Abyss:2)
  2 gargoyles
  An orange demon (Abyss:2)
  4 freezing wraiths (IceCv)
  4 rime drakes
  A kobold demonologist (D:14)
  4 anaconda simulacra (IceCv)
  An efreet (Abyss:2)
  4 komodo dragons
  7 ice devils
  A harpy zombie (D:15)
  2 tengu conjurers (D:14)
  A golden dragon simulacrum (IceCv)
  The ghost of McKennaii the Gusty, a novice TeAE (D:5)
  2 polar bears (Lair:4)
  A polar bear (shapeshifter) (D:15)
  7 trolls
  Grinder (D:4)
  5 bog bodies
  15 blink frogs
  17 slime creatures
  10 hornets
  A harpy skeleton (D:15)
  10 tyrant leeches
  10 hippogriffs
  12 dream sheep
  10 spriggans
  Sigmund (D:5)
  3 shadows
  A water elemental (Elf:1)
  4 wyverns
  47 yaks
  A fire elemental (Elf:1)
  A wraith (D:14)
  3 basilisks
  Eustachio (D:4)
  2 dire elephant simulacra (IceCv)
  2 vampires
  24 vampire mosquitoes
  A death yak simulacrum (IceCv)
  A hungry ghost (D:9)
  A harpy simulacrum (IceCv)
  4 insubstantial wisps (Swamp:4)
  2 iron troll simulacra (IceCv)
  7 wargs
  29 nagas
  13 swamp worms
  A soldier ant (D:15)
  3 acid dragons
  3 hydra simulacra (IceCv)
  A two-headed ogre zombie (D:9)
  16 water moccasins
  12 porcupines
  15 swamp drakes
  A sky beast (D:12)
  3 phantoms
  47 orc warriors
  A black bear (Lair:6)
  7 ice beasts
  A necrophage (D:11)
  A wolf (shapeshifter) (D:14)
  2 eyes of draining
  2 ettin simulacra (IceCv)
  18 ogres
  26 wolves
  14 centaurs
  22 crocodiles
  6 big kobolds
  18 bullfrogs
  2 small abominations (Abyss:2)
  4 scorpions
  4 water moccasin skeletons
  A troll zombie (D:9)
  18 killer bees
  A swamp dragon simulacrum (IceCv)
  25 wights
  2 howler monkeys (D:6)
  7 crimson imps
  3 centaur zombies
  3 draconian simulacra (IceCv)
  4 jellies
  4 bullfrog skeletons
  3 bullfrog zombies
  3 centaur skeletons
  36 orc priests
  5 hounds
  An iron imp (Abyss:2)
  18 orc wizards
  Crazy Yiuf (D:4)
  5 iguanas
  16 worker ants
  2 troll simulacra (IceCv)
  A polar bear simulacrum (IceCv)
  A killer bee zombie (D:6)
  A bullfrog simulacrum (D:12)
  3 centaur simulacra (IceCv)
  6 ogre zombies
  A hound zombie (D:5)
  A worker ant zombie (D:5)
  4 gnolls (D:10)
  18 adders
  A howler monkey skeleton (D:7)
  2 naga simulacra (IceCv)
  2 ogre simulacra (IceCv)
  4 shadow imps
  3 white imps
  8 ufetubi
  An ooze (D:4)
  An adder skeleton (D:4)
  A ball lightning (Swamp:1)
  2 dart slugs
  2 worms (D:2)
  6 leopard geckos
  116 orcs
  4 bats
  8 giant cockroaches
  10 goblins
  5 hobgoblins
  3 jackals
  7 quokkas
  3 ball pythons
  4 frilled lizards
  A giant cockroach zombie (D:5)
  3 goblin skeletons (D:9)
  4 goblin zombies (D:9)
  2 hobgoblin skeletons (D:9)
  A hobgoblin zombie (D:9)
  A jackal skeleton (D:6)
  40 kobolds
  2 leopard gecko zombies (D:5)
  4 orc skeletons (D:9)
  11 orc zombies (D:9)
  8 rats
  8 fungi
  4 plants
1318 creatures vanquished.

Vanquished Creatures (collateral kills)
  A tentacled starspawn (Abyss:2)
  5 nagarajas (Snake:4)
  Louise (D:15)
  A vault guard (D:14)
  6 naga warriors
  6 hydras
  A dancing weapon (Elf:1)
  2 death yaks (Lair:6)
  2 orc high priests (Orc:2)
  2 naga sharpshooters (Snake:4)
  A ball lightning (Lair:3)
  A deep elf knight (Elf:1)
  2 spriggans (Swamp:3)
  A flayed ghost (Abyss:2)
  5 naga ritualists (Snake:4)
  4 swamp dragons
  An oklob plant (Lair:3)
  3 mana vipers
  2 deep elf magi (Elf:1)
  An ugly thing (D:11)
  2 elephants (Lair:6)
  2 salamanders (Snake:4)
  10 naga magi
  A guardian serpent (shapeshifter) (D:12)
  3 spiny frogs
  4 black mambas
  A hellion (Abyss:2)
  A rime drake (Lair:3)
  2 komodo dragons
  A tengu conjurer (D:14)
  3 hornets
  7 slime creatures
  2 tyrant leeches
  2 bog bodies
  2 blink frogs (Lair:1)
  6 yaks
  7 vampire mosquitoes
  2 swamp worms
  A warg (Orc:2)
  A harpy simulacrum (Abyss:2)
  15 nagas
  2 water moccasins (Lair:1)
  2 swamp drakes
  2 porcupines
  3 sky beasts
  7 orc warriors
  2 crocodiles (Lair:3)
  2 wolves (Lair:1)
  2 bullfrogs
  2 killer bees (D:12)
  7 wights
  3 orc wizards (Orc:2)
  3 orc priests (Orc:2)
  An adder (D:12)
  A shadow imp (Abyss:2)
  2 ufetubi (Abyss:2)
  13 orcs
  A jackal (D:11)
178 creatures vanquished.

Vanquished Creatures (others)
  Nikola (Swamp:2)
  176 ball lightnings
  A centaur zombie (D:14)
  4 humans (Swamp:3)
  An ufetubus (IceCv)
  2 bushes (Lair:4)
  17 fungi
  22 plants
  2 starspawn tentacles (Abyss:2)
226 creatures vanquished.

Grand Total: 1722 creatures vanquished

Notes
Turn   | Place    | Note
-------+----------+-------------------------------------------
     0 | D:1      | McKennaii the Tengu Air Elementalist began the quest for the Orb.
     0 | D:1      | Reached XP level 1. HP: 10/10 MP: 4/4
   101 | D:1      | Reached XP level 2. HP: 15/15 MP: 3/6
  1052 | D:1      | Reached XP level 3. HP: 19/19 MP: 5/7
  1275 | D:1      | Learned a level 2 spell: Swiftness
  1650 | D:2      | Found a white marble altar of Elyvilon.
  1662 | D:2      | Reached skill level 5 in Air Magic
  1855 | D:2      | Reached XP level 4. HP: 24/24 MP: 3/8
  2910 | D:3      | Gained mutation: You can fly. [Tengu growth]
  2910 | D:3      | Reached XP level 5. HP: 28/28 MP: 2/10
  2935 | D:3      | Noticed an ice beast
  2988 | D:3      | Learned a level 5 spell: Lightning Bolt
  3009 | D:3      | HP: 1/28 [ice beast (13)]
  3011 | D:3      | Killed an ice beast
  3871 | D:4      | Found a transporter.
  3886 | D:4      | Reached XP level 6. HP: 32/32 MP: 3/12
  4135 | D:4      | Found a transporter.
  4138 | D:4      | Noticed Eustachio
  4332 | D:4      | Gained mutation: You have a somewhat thin skeletal structure. (Dex +2, Stealth) [potion of mutation]
  4332 | D:4      | Gained mutation: Your muscles are strong. (Str +2) [potion of mutation]
  4332 | D:4      | Gained mutation: Your spells are a little harder to cast, but a little more powerful. [potion of mutation]
  4449 | D:4      | Killed Eustachio
  4449 | D:4      | Reached XP level 7. HP: 23/36 MP: 6/14
  4575 | D:4      | Noticed Grinder
  4590 | D:4      | Paralysed by Grinder for 6 turns
  4599 | D:4      | Killed Grinder
  4599 | D:4      | Reached skill level 5 in Conjurations
  4869 | D:4      | Found a shadowy altar of Dithmenos.
  5219 | D:4      | Found a runed door.
  5223 | D:4      | Noticed Crazy Yiuf
  5227 | D:4      | Killed Crazy Yiuf
  5227 | D:4      | Reached skill level 5 in Spellcasting
  5281 | D:5      | Entered Level 5 of the Dungeon
  5330 | D:5      | Reached XP level 8. HP: 42/42 MP: 16/16
  5433 | D:5      | Found a shadowy altar of Dithmenos.
  5558 | D:5      | Noticed McKennaii's ghost (novice TeAE)
  5574 | D:5      | Killed McKennaii's ghost
  5896 | D:5      | Learned a level 3 spell: Call Canine Familiar
  5910 | D:5      | Learned a level 4 spell: Summon Lightning Spire
  6140 | D:5      | Noticed an orange demon
  6671 | D:5      | Noticed Sigmund
  6702 | D:5      | Killed Sigmund
  6702 | D:5      | Reached skill level 1 in Fighting
  6702 | D:5      | Reached XP level 9. HP: 42/47 MP: 17/19
  8178 | D:6      | Found a staircase to the Ecumenical Temple.
  8195 | Temple   | Entered the Ecumenical Temple
  8287 | Temple   | Became a worshipper of Vehumet
  8646 | D:7      | Reached skill level 10 in Air Magic
  9251 | D:7      | Noticed a red ugly thing
  9257 | D:7      | Killed a red ugly thing
  9257 | D:7      | Reached XP level 10. HP: 17/52 MP: 11/23
  9941 | D:7      | Found a glowing golden altar of the Shining One.
 10128 | D:8      | Reached * piety under Vehumet
 10128 | D:8      | Offered knowledge of Magic Dart by Vehumet.
 10134 | D:8      | Learned a level 1 spell: Magic Dart
 10139 | D:8      | Noticed a two-headed ogre
 10285 | D:8      | Killed a two-headed ogre
 10459 | D:7      | Learned a level 3 spell: Static Discharge
 10563 | D:8      | Noticed a two-headed ogre
 10566 | D:8      | Killed a two-headed ogre
 10566 | D:8      | Reached skill level 10 in Conjurations
 11242 | D:8      | Found a sacrificial altar of Ru.
 11870 | D:9      | Learned a level 2 spell: Blink
 11874 | D:9      | Learned a level 3 spell: Mephitic Cloud
 11924 | D:9      | Reached skill level 1 in Shields
 11924 | D:9      | Reached XP level 11. HP: 51/57 MP: 23/25
 12197 | D:9      | Offered knowledge of Flame Tongue by Vehumet.
 12216 | D:9      | Reached ** piety under Vehumet
 12492 | D:9      | Found a staircase to the Orcish Mines.
 12579 | D:9      | Got a pitted leather armour
 12590 | D:9      | Identified the +5 leather armour of Vuick {*Contam rC+ Regen+} (You found it on level 9 of the Dungeon)
 12785 | D:9      | Offered knowledge of Stone Arrow by Vehumet.
 13366 | D:9      | Reached skill level 1 in Armour
 13445 | D:9      | Noticed an ogre mage
 13448 | D:9      | Killed an ogre mage
 13590 | D:9      | Reached *** piety under Vehumet
 13681 | D:10     | Entered Level 10 of the Dungeon
 13684 | D:10     | Reached skill level 10 in Spellcasting
 13764 | D:10     | Noticed a two-headed ogre
 13771 | D:10     | Killed a two-headed ogre
 14060 | D:10     | Reached skill level 1 in Summonings
 14172 | D:10     | Found a staircase to the Lair.
 14255 | D:10     | Offered knowledge of Iskenderun's Mystic Blast by Vehumet.
 14441 | D:10     | Learned a level 4 spell: Iskenderun's Mystic Blast
 14855 | D:10     | Found Xavor's Book Shop.
 15339 | D:11     | Reached XP level 12. HP: 62/62 MP: 27/27
 15472 | D:11     | Noticed a tengu warrior
 15476 | D:11     | Killed a tengu warrior
 15583 | D:11     | Reached **** piety under Vehumet
 16239 | D:11     | Offered knowledge of Ignite Poison by Vehumet.
 16277 | D:11     | Found a roughly hewn altar of Beogh.
 16538 | D:11     | Learned a level 3 spell: Ignite Poison
 16781 | D:12     | Noticed a centaur warrior
 16783 | D:12     | Killed a centaur warrior
 16791 | D:12     | Reached skill level 5 in Armour
 16795 | D:12     | Noticed a two-headed ogre
 16797 | D:12     | Killed a two-headed ogre
 16797 | D:12     | Reached ***** piety under Vehumet
 16802 | D:12     | Offered knowledge of Fireball by Vehumet.
 17854 | D:12     | Noticed a five-headed hydra
 17866 | D:12     | Killed a five-headed hydra
 17866 | D:12     | Reached XP level 13. HP: 67/67 MP: 29/29
 19431 | Lair:1   | Entered Level 1 of the Lair of Beasts
 20008 | Lair:1   | Reached skill level 15 in Air Magic
 20241 | Lair:1   | Reached skill level 1 in Staves
 20253 | Lair:1   | Offered knowledge of Freezing Cloud by Vehumet.
 20262 | Lair:1   | Learned a level 6 spell: Freezing Cloud
 21512 | Lair:2   | Found a staircase to the Swamp.
 22791 | Lair:3   | Gained mutation: You can fly continuously. [Tengu growth]
 22791 | Lair:3   | Reached XP level 14. HP: 71/71 MP: 10/31
 24592 | Lair:3   | Reached skill level 5 in Dodging
 25295 | Lair:4   | Found a staircase to the Snake Pit.
 25427 | Lair:4   | Offered knowledge of Conjure Ball Lightning by Vehumet.
 25436 | Lair:4   | Learned a level 6 spell: Conjure Ball Lightning
 26885 | Lair:6   | Entered Level 6 of the Lair of Beasts
 27074 | Lair:6   | Reached skill level 15 in Conjurations
 27838 | Lair:6   | Found a staircase to the Slime Pits.
 27840 | Lair:6   | Reached XP level 15. HP: 75/75 MP: 33/33
 28069 | Lair:6   | Offered knowledge of Lee's Rapid Deconstruction by Vehumet.
 28706 | Lair:6   | Identified the +1 robe of Ycva {rElec MP+9 Dex+4 SInv} (You found it on level 6 of the Lair of Beasts)
 28763 | Lair:6   | Gained mutation: You occasionally shout uncontrollably at your foes. [mutagenic glow]
 30736 | D:14     | Offered knowledge of Poison Arrow by Vehumet.
 31000 | D:14     | Got a dazzling hat
 31006 | D:14     | Identified the cursed +0 hat "Gutuar" {Dex+4} (You found it on level 14 of the Dungeon)
 31617 | D:14     | Found a gate to the Vaults.
 31742 | D:14     | Found a snail-covered altar of Cheibriados.
 32060 | D:15     | Entered Level 15 of the Dungeon
 32131 | D:15     | Reached XP level 16. HP: 80/80 MP: 34/34
 32369 | D:15     | Noticed Agnes
 32378 | D:15     | Killed Agnes
 32516 | D:15     | Noticed Roxanne
 32527 | D:15     | Killed Roxanne
 32643 | D:15     | Identified Roxanne's Guide on the Mountains (You took it off Roxanne on level 15 of the Dungeon)
 32654 | D:15     | Noticed Louise
 32656 | D:15     | Killed Louise
 33125 | D:15     | Offered knowledge of Spellforged Servitor by Vehumet.
 33134 | D:15     | Learned a level 7 spell: Spellforged Servitor
 33506 | D:15     | Found a staircase to the Depths.
 33683 | Orc:1    | Entered Level 1 of the Orcish Mines
 34134 | Orc:2    | Entered Level 2 of the Orcish Mines
 34253 | Orc:2    | Reached skill level 1 in Translocations
 35345 | Orc:2    | Found a roughly hewn altar of Beogh.
 35442 | Orc:2    | Found Lufrint's Weapon Boutique.
 35475 | Orc:2    | Found Anuocuca's General Store.
 35670 | Orc:2    | Noticed Donald
 35671 | Orc:2    | Killed Donald
 35671 | Orc:2    | Reached ****** piety under Vehumet
 35671 | Orc:2    | Reached skill level 5 in Summonings
 35736 | Orc:2    | Offered knowledge of Bolt of Fire by Vehumet.
 36358 | Orc:2    | Found a roughly hewn altar of Beogh.
 36442 | Orc:2    | Found Uboraon's Antique Armour Boutique.
 36451 | Orc:2    | Bought a pair of shimmering gloves for 332 gold pieces
 36461 | Orc:2    | Identified the cursed +0 pair of gloves "Ynairyru" {rPois} (You bought it in a shop on level 2 of the Orcish Mines)
 36464 | Orc:2    | Bought a warped robe for 199 gold pieces
 36474 | Orc:2    | Identified the +1 robe of Giulov {rPois rC+ Int+4} (You bought it in a shop on level 2 of the Orcish Mines)
 36634 | Orc:2    | Found Siqioj's Food Shoppe.
 37271 | Orc:2    | Found a staircase to the Elven Halls.
 37749 | Snake:1  | Entered Level 1 of the Snake Pit
 37773 | Snake:1  | Reached XP level 17. HP: 85/85 MP: 36/36
 37799 | Snake:1  | Reached skill level 10 in Dodging
 38032 | Swamp:1  | Entered Level 1 of the Swamp
 38069 | Swamp:1  | Noticed nago's ghost (adept DrAs)
 38359 | Snake:1  | Offered knowledge of Shatter by Vehumet.
 38359 | Snake:1  | Offered knowledge of Tornado by Vehumet.
 38359 | Snake:1  | Offered knowledge of Ignition by Vehumet.
 38468 | Snake:1  | Got a fine morningstar {flame}
 38469 | Snake:1  | Identified the cursed +1 morningstar "Uxzogumi" {flame, *Corrode rF+ Dex+2} (You took it off a naga on level 1 of the Snake Pit)
 38483 | Snake:1  | Reached skill level 15 in Spellcasting
 41410 | Snake:3  | Found an ancient bone altar of Kikubaaqudgha.
 42019 | Snake:4  | Entered Level 4 of the Snake Pit
 42906 | Snake:4  | Reached XP level 18. HP: 91/91 MP: 26/39
 44470 | Snake:4  | Got a serpentine rune of Zot
 44600 | Snake:4  | Reached skill level 5 in Shields
 44844 | D:10     | Learned a level 8 spell: Chain Lightning
 44905 | Swamp:1  | Killed nago's ghost
 46660 | Swamp:2  | Noticed Nikola
 46877 | Swamp:2  | Killed Nikola
 48195 | Swamp:3  | Noticed Jorgrun
 48201 | Swamp:3  | Killed Jorgrun
 48212 | Swamp:3  | Reached XP level 19. HP: 67/95 MP: 15/41
 48342 | Swamp:3  | Noticed a tentacled monstrosity
 48350 | Swamp:3  | Killed a tentacled monstrosity
 48441 | Swamp:3  | Noticed Kirke
 48443 | Swamp:3  | Killed Kirke
 49025 | Swamp:4  | Entered Level 4 of the Swamp
 50185 | Swamp:4  | Noticed the 27-headed Lernaean hydra
 50191 | Swamp:4  | Killed the 27-headed Lernaean hydra
 50364 | Swamp:4  | Got a decaying rune of Zot
 50839 | Elf:1    | Entered Level 1 of the Elven Halls
 51063 | Elf:1    | Found a frozen archway.
 51073 | IceCv    | Entered an ice cave
 51704 | IceCv    | Noticed an Ice Fiend
 51711 | IceCv    | Killed an Ice Fiend
 51711 | IceCv    | Reached skill level 5 in Stealth
 51760 | IceCv    | Got an ancient dagger
 52496 | Elf:1    | Cast into level 2 of the Abyss (a deep elf sorcerer)
 52760 | Abyss:2  | Killed from afar by a hell hog

Skill      XL: |  1  2  3  4  5  6  7  8  9 10 11 12 13 14 15 16 17 18 19 |
---------------+----------------------------------------------------------+-----
Air Magic      | 5 6 7 9 10 12 13 14 15 16 17 18 19 20 | 20.4
Conjurations   | 2 3 4 5 7 9 10 11 12 14 15 16 17 18 19 20 | 20.1
Spellcasting   | 3 4 5 6 8 9 10 11 12 13 14 16 17 18 | 18.7
Dodging        | 3 4 6 8 9 10 | 10.5
Fighting       | 1 2 |  2.7
Stealth        | 3 4 5 |  5.0
Shields        | 1 4 5 |  5.1
Armour         | 3 6 8 |  8.9
Summonings     | 1 2 3 6 7 8 |  8.1
Staves         | 1 |  1.6
Translocations | 2 |  2.0
Charms         | |  0.1

Action                   |  1- 3 |  4- 6 |  7- 9 | 10-12 | 13-15 | 16-18 | 19-21 || total
-------------------------+-------+-------+-------+-------+-------+-------+-------++-------
Melee: Unarmed           |       |     3 |     7 |       |       |       |       ||    10
       Peck              |       |     1 |     2 |    10 |     7 |    17 |       ||    37
       Kick              |       |       |     5 |    10 |     9 |    22 |     1 ||    47
       Staff             |       |       |       |    54 |    50 |    51 |     2 ||   157
 Cast: Shock             |    73 |   125 |   314 |   625 |   351 |   236 |    14 ||  1738
       Swiftness         |       |       |     2 |       |     2 |     3 |       ||     7
       Lightning Bolt    |       |       |    11 |   132 |   446 |   647 |   212 ||  1448
       Call Canine Famil |       |       |       |     4 |     1 |       |       ||     5
       Static Discharge  |       |       |       |     2 |    16 |       |       ||    18
       Mephitic Cloud    |       |       |       |     3 |     1 |       |       ||     4
       Summon Lightning  |       |       |       |    10 |    30 |    45 |     8 ||    93
       Blink             |       |       |       |     1 |       |       |       ||     1
       Iskenderun's Myst |       |       |       |       |     3 |    56 |    12 ||    71
       Conjure Ball Ligh |       |       |       |       |     4 |    12 |       ||    16
       Spellforged Servi |       |       |       |       |       |    18 |     4 ||    22
       Chain Lightning   |       |       |       |       |       |    20 |     9 ||    29
 Abil: Fly               |       |       |       |       |     1 |       |       ||     1
  Use: Potion            |       |     6 |       |     1 |     2 |     2 |     1 ||    12
       Scroll            |       |       |     6 |    15 |    16 |     5 |     1 ||    43
 Stab: Distracted        |       |       |       |       |       |     1 |       ||     1
  Eat: Chunk             |     4 |    10 |    17 |    52 |    84 |    66 |    12 ||   245
       Royal jelly       |       |       |       |     1 |       |       |       ||     1
       Fruit             |       |       |       |       |     7 |     6 |     1 ||    14
       Meat ration       |       |       |       |       |     3 |     2 |     1 ||     6
       Bread ration      |       |       |       |       |       |     4 |       ||     4
Armor: Robe              |       |    10 |     8 |    24 |     6 |    25 |     5 ||    78
       Skin              |       |     3 |       |       |       |       |       ||     3
       Leather armour    |       |       |       |    50 |    49 |       |       ||    99
Dodge: Dodged            |     9 |    36 |    53 |   166 |   200 |   210 |    33 ||   707
Block: Buckler           |       |       |       |    41 |    48 |    77 |    12 ||   178
